 Dungeon Crawl Stone Soup version 0.16.1-14-g82efdee (webtiles) character file.

121563 jacksonaction the Eclecticist (level 16, -1/92 HPs)
             Began as a Deep Elf Conjurer on Apr 13, 2015.
             Was the Champion of Vehumet.
             Slain by a long sword of flaming (2 damage)
             ... on level 2 of the Elven Halls on Apr 14, 2015.
             The game lasted 05:10:41 (34226 turns).

jacksonaction the Eclecticist (Deep Elf Conjurer)  Turns: 34226, Time: 05:10:41

Health: -1/92      AC: 18    Str:  5    XL:     16   Next: 32%
Magic:  1/41       EV: 22    Int: 38    God:    Vehumet [******]
Gold:   1670       SH:  0    Dex: 15    Spells: 11 memorised, 3 levels left

rFire  . . .     SeeInvis +     a - +8 glaive of the Guard {elec, +Rage AC+5 SInv}
rCold  . . .     Clarity  .     Z - +3 robe of the Eight Deaths {Int+4 Slay+3}
rNeg   . . .     SustAb   .     (no shield)
rPois  .         Gourm    .     P - +2 helmet {SInv}
rElec  .         Spirit   .     Q - +1 cloak
rCorr  .         Warding  .     X - +1 pair of gloves
rMut   .         Stasis   .     U - +0 pair of boots
MR     +....                    (no amulet)
Stlth  ++........               s - +3 ring of intelligence
                                t - +3 ring of intelligence

@: about to teleport, somewhat resistant to hostile enchantments, unstealthy
A: no striking features
a: Renounce Religion, Evoke Berserk Rage


You were on level 2 of the Elven Halls.
You worshipped Vehumet.
Vehumet was exalted by your worship.
You were not hungry.

You visited 5 branches of the dungeon, and saw 27 of its levels.
You visited the Abyss 1 time.
You also visited: Ossuary, Ice Cave and Volcano.

You collected 3208 gold pieces.
You spent 1538 gold pieces at shops.

Inventory:

Hand weapons
 a - the +8 glaive of the Guard (weapon) {elec, +Rage AC+5 SInv}
   (You found it on level 8 of the Dungeon)

   Occasionally, upon striking a foe, it will discharge some electrical energy
   and cause terrible harm.
   It affects your AC (+5).
   It enhances your eyesight.
   It lets you go berserk.
Armour
 P - a +2 helmet of see invisible (worn)
 Q - a +1 cloak (worn)
 U - a +0 pair of boots (worn)
 X - a +1 pair of gloves (worn)
 Z - the +3 robe of the Eight Deaths (worn) {Int+4 Slay+3}
   (You bought it in a shop on level 9 of the Dungeon)

   It affects your intelligence (+4).
   It affects your accuracy and damage with ranged weapons and melee attacks
   (+3).
Jewellery
 i - an uncursed ring of sustain abilities
 s - a +3 ring of intelligence (right hand)
 t - a +3 ring of intelligence (left hand)
Magical devices
 y - a wand of digging (9)
 A - a wand of disintegration (18)
Scrolls
 d - 2 scrolls of amnesia
 l - 10 scrolls of remove curse
 m - 5 scrolls of enchant armour
 v - a scroll of vulnerability {unknown}
 C - 3 scrolls of fear
 E - 2 scrolls of magic mapping
 H - 5 scrolls of recharging
 J - 2 scrolls of silence {unknown}
 R - 2 scrolls of summoning
 S - a scroll of acquirement {unknown}
 V - 5 scrolls of fog
 Y - a scroll of blinking
Potions
 c - a potion of beneficial mutation
 e - 2 potions of invisibility {unknown}
 g - a potion of berserk rage
 k - a potion of haste
 n - 6 potions of restore abilities
 q - 3 potions of cure mutation
 r - 10 potions of curing
 w - a potion of cancellation {unknown}
 x - a potion of poison {unknown}
 z - 3 potions of brilliance
 F - 4 potions of flight
 L - a potion of lignification {unknown}
 M - 3 potions of resistance
 N - 2 potions of agility
 W - a potion of magic
Miscellaneous
 D - a legendary deck of escape
 T - a crystal ball of energy
Comestibles
 b - 10 bread rations
 f - 41 fruits
 h - 16 meat rations
 p - 9 slices of pizza
 I - 13 royal jellies
 O - 22 beef jerkies


   Skills:
 - Level 7.4 Fighting
 - Level 15.1 Dodging
 - Level 2.4 Stealth
 + Level 17.3 Spellcasting
 - Level 15.0 Conjurations
 - Level 8.1 Charms
 - Level 10.0 Summonings
 - Level 10.0 Fire Magic
 - Level 5.1 Earth Magic
 - Level 8.4 Poison Magic
 - Level 2.1 Evocations


You had 3 spell levels left.
You knew the following spells:

 Your Spells              Type           Power        Failure   Level  Hunger
a - Magic Dart            Conj           ####         0%          1    None
b - Venom Bolt            Conj/Pois      #######...   1%          5    None
c - Iskenderun's Battles  Conj/Chrm      #######.     1%          5    None
d - Iron Shot             Conj/Erth      #######...   1%          6    None
e - Fireball              Conj/Fire      #######...   1%          5    None
f - Irradiate             Conj/Trmt      ######....   1%          5    None
g - Spellforged Servitor  Conj/Summ      #######...   1%          7    ##.....
h - Searing Ray           Conj           ######       0%          2    None
i - Bolt of Magma         Conj/Fire/Erth #######...   1%          5    None
j - Mephitic Cloud        Conj/Pois/Air  #######.     1%          3    None
k - Delayed Fireball      Conj/Fire      N/A          1%          7    ##.....


Dungeon Overview and Level Annotations

Branches:
Dungeon (12/15)            Temple (1/1) D:5            Lair (8/8) D:8
 Shoals (0/5) Lair:5        Snake (0/5) Lair:4        Slime (0/6) Lair:7
    Orc (4/4) D:12            Elf (2/3) Orc:4

Altars:
Ashenzari
Cheibriados
Dithmenos
Elyvilon
Fedhas
Gozag
Kikubaaqudgha
Makhleb
Nemelex Xobeh
Okawaru
Qazlal
Ru
Sif Muna
Trog
Vehumet
Xom
Yredelemnul
Zin
The Shining One
Beogh

Shops:
D:6 (   D:8 (*   D:9 [   Orc:4 ([*:   Elf:1 *


Message History

The battleaxe of venom falls from the air.
The long sword of flaming hits you!
* * * LOW HITPOINT WARNING * * *
The long sword of flaming burns you.
* * * LOW HITPOINT WARNING * * *
Casting: Iron Shot
Confirm with . or Enter, or press ? or * to list all spells.
You don't have enough magic to cast that spell.
Drink which item? (? for menu, Esc to quit)
You feel much better. The long sword of flaming misses you.
The long sword of flaming hits you!
* * * LOW HITPOINT WARNING * * *
The long sword of flaming burns you.
* * * LOW HITPOINT WARNING * * *
Read which item? (? for menu, Esc to quit)
As you read the scroll of teleportation, it crumbles to dust.
You feel strangely unstable. The long sword of flaming hits you.
* * * LOW HITPOINT WARNING * * *
The long sword of flaming burns you.
You die...

...........# ##...#####.#
#..........'#####...##...###
##........#')'.)....#.....##
#.........##.'......#.....'.
##........#'.'......#..)..#.
##..........'#####...##...##.
..............# ##..)#####..
.............(# #..........
.............@# ##.........
..............## ###.......
.............## ########
...........#..e# ###
....e.....###...# ###.#
.........# ##...# ###....
...)..... ...## ###......
......... ..## #........
......... .# #........


You could see a deep elf fighter and a long sword of flaming.

Vanquished Creatures
  A deep elf master archer (Elf:1)
  Maud (Lair:3)
  An orc warlord (Orc:4)
  2 deep elf sorcerers (Elf:1)
  A deep elf annihilator (Elf:1)
  A deep elf demonologist (Elf:1)
  6 deep elf high priests (Elf:1)
  An ice dragon (Lair:8)
  The ghost of Erebus the Bludgeoner, a powerful TrBe of Trog (D:12)
  6 hydras
  Harold (D:11)
  The ghost of digdugdiggy the Spear-Bearer, a powerful FoFi of Qazlal (IceCv)
  2 centaur warriors
  4 dancing weapons (Elf:2)
  The ghost of tition the Blocker, an experienced MiFi of Okawaru (Orc:2)
  7 death yaks (Lair:7)
  5 orc high priests (Orc:4)
  17 deep elf knights
  Erolcha (Orc:2)
  2 orc knights (Orc:4)
  An unseen horror (shapeshifter) (Elf:1)
  A lindwurm (Lair:8)
  2 ice statues (IceCv)
  An unseen horror (D:12)
  10 deep elf summoners
  3 hill giants
  11 deep elf conjurers (Elf:1)
  3 orc sorcerers (Orc:4)
  A manticore (D:12)
  2 griffons (Lair:7)
  An oklob plant (Lair:1)
  A cyclops (Orc:4)
  4 elephants
  2 molten gargoyles (Volcano)
  2 black mambas
  6 torpor snails (Lair:8)
  11 spiny frogs
  3 yaktaurs (Volcano)
  15 komodo dragons
  3 fire drakes
  A red devil (Orc:4)
  A freezing wraith (D:12)
  5 trolls
  2 giant leeches (Lair:8)
  10 deep elf priests
  6 polar bears (Lair:8)
  A queen bee (Lair:6)
  Sonja (Orc:4)
  A two-headed ogre (D:8)
  A raiju (Lair:8)
  21 blink frogs
  4 basilisks
  18 deep elf magi
  A redback (Elf:1)
  47 yaks
  9 hippogriffs
  A wraith (Ossuary)
  A wyvern (D:10)
  A steam dragon (D:11)
  A hungry ghost (D:10)
  Eustachio (D:6)
  Grum (D:9)
  11 wolves
  16 water moccasins
  A soldier ant (D:10)
  Edmund (D:4)
  6 wargs
  3 nagas (Lair:4)
  8 porcupines
  3 hell hounds (Lair:8)
  22 deep elf fighters
  15 ice beasts
  8 ogres
  35 orc warriors
  A sky beast (D:9)
  10 black bears
  6 centaurs
  6 crocodiles
  A phantom (D:6)
  3 wasps (Lair:8)
  4 big kobolds (D:8)
  A wyvern zombie (D:10)
  Blork the orc (D:6)
  3 brain worms (Lair:8)
  25 giant frogs
  2 scorpions
  24 killer bees (Lair:6)
  6 wights
  4 crimson imps
  A jelly (shapeshifter) (Elf:1)
  23 hounds
  2 jellies
  A lava snake (Volcano)
  5 giant frog skeletons
  A giant frog zombie (D:6)
  23 orc priests
  A centaur zombie (D:8)
  4 hell rats
  11 iguanas
  35 orc wizards
  10 worker ants
  6 sheep
  A mummy (D:5)
  Terence (D:2)
  7 gnolls
  3 worker ant zombies
  18 adders
  63 river rats
  2 shadow imps
  20 worms
  An adder skeleton (D:9)
  4 giant geckos
  158 orcs
  20 bats
  A bat skeleton (D:6)
  A bat zombie (D:5)
  10 giant cockroaches
  17 hobgoblins
  14 jackals
  13 kobolds
  2 ball pythons
  A ball python skeleton (Ossuary)
  2 giant gecko skeletons
  3 giant newts
  3 giant spores
  11 goblins
  2 hobgoblin skeletons (Ossuary)
  2 hobgoblin zombies
  2 kobold zombies
  3 orc skeletons (Ossuary)
  An orc zombie (Ossuary)
  19 quokkas
  12 rats
  11 ballistomycetes
  3 fungi
  3 plants
1063 creatures vanquished.

Vanquished Creatures (collateral kills)
  A deep elf sorcerer (Elf:1)
  A deep elf death mage (Elf:1)
  2 hydras
  The ghost of Glitz the Destroyer, a powerful TeFE of Nemelex Xobeh (D:12)
  A death yak (Lair:7)
  A deep elf knight (Elf:1)
  A deep elf summoner (Elf:1)
  An orc knight (Orc:4)
  A griffon (Lair:8)
  3 elephants (Lair:6)
  A spiny frog (Lair:7)
  A komodo dragon (Lair:8)
  A large abomination (Elf:1)
  2 polar bears (Lair:8)
  A troll (D:9)
  A blink frog (Lair:7)
  A boulder beetle (Lair:7)
  A raiju (Lair:8)
  A tarantella (Elf:1)
  4 yaks (Lair:8)
  A ynoxinul (Elf:1)
  2 wargs (Lair:8)
  A wolf (Lair:8)
  A hell hound (Lair:8)
  5 ice beasts
  An orc warrior (D:12)
  3 black bears (Lair:8)
  A crocodile (Lair:8)
  A giant frog (Lair:7)
  3 orc wizards
  A hell rat (Elf:1)
  7 sheep (Lair:7)
  An ufetubus (Elf:1)
  3 orcs
58 creatures vanquished.

Vanquished Creatures (others)
  3 spellforged servitors
  A lost soul (Elf:1)
  An orc (Orc:1)
  4 fungi
  5 plants
14 creatures vanquished.

Grand Total: 1135 creatures vanquished

Notes
Turn   | Place    | Note
--------------------------------------------------------------
     0 | D:1      | jacksonaction, the Deep Elf Conjurer, began the quest for the Orb.
     0 | D:1      | Reached XP level 1. HP: 10/10 MP: 5/5
   293 | D:1      | Reached XP level 2. HP: 15/15 MP: 6/8
   297 | D:1      | Learned a level 2 spell: Searing Ray
   395 | D:1      | Reached skill level 5 in Conjurations
   718 | D:2      | Reached XP level 3. HP: 19/19 MP: 6/11
  1090 | D:2      | Reached XP level 4. HP: 24/24 MP: 5/14
  1186 | D:2      | Noticed Terence
  1196 | D:2      | Killed Terence
  1196 | D:2      | Reached skill level 6 in Conjurations
  2097 | D:3      | Reached XP level 5. HP: 28/28 MP: 7/18
  2105 | D:3      | Learned a level 5 spell: Iskenderun's Battlesphere
  2677 | D:4      | Reached skill level 5 in Spellcasting
  2894 | D:4      | Reached skill level 7 in Conjurations
  2894 | D:4      | Reached XP level 6. HP: 28/32 MP: 16/21
  2972 | D:4      | Noticed Edmund
  3371 | D:4      | Killed Edmund
  3371 | D:4      | Reached skill level 8 in Conjurations
  3535 | D:4      | Reached XP level 7. HP: 34/36 MP: 14/22
  3761 | D:4      | Found an opulent altar of Gozag.
  4067 | D:5      | Entered Level 5 of the Dungeon
  4094 | D:5      | Found a staircase to the Ecumenical Temple.
  4112 | Temple   | Entered the Ecumenical Temple
  4148 | Temple   | Became a worshipper of Vehumet
  4293 | D:5      | Reached skill level 9 in Conjurations
  4347 | D:5      | Found a sand-covered staircase.
  4396 | Ossuary  | Entered an ossuary
  4643 | Ossuary  | Noticed a wraith
  4643 | Ossuary  | Noticed a flying skull
  4649 | Ossuary  | Noticed a flying skull
  4650 | Ossuary  | Noticed a flying skull
  4687 | Ossuary  | Noticed a flying skull
  4692 | Ossuary  | Noticed a wraith
  4712 | Ossuary  | Killed a wraith
  5013 | D:5      | Found a stormy altar of Qazlal.
  5016 | D:5      | Noticed an air elemental
  5017 | D:5      | Noticed a water elemental
  5017 | D:5      | Noticed a fire elemental
  5049 | D:5      | Reached skill level 5 in Charms
  5049 | D:5      | Reached XP level 8. HP: 41/41 MP: 21/24
  5219 | D:5      | Acquired Vehumet's first power
  5219 | D:5      | Offered knowledge of Flame Tongue by Vehumet.
  5457 | D:5      | Found a blossoming altar of Fedhas.
  5719 | D:6      | Found Ryolulou's Weapon Emporium.
  5931 | D:6      | Reached skill level 10 in Conjurations
  5945 | D:6      | Noticed Eustachio
  5958 | D:6      | Killed Eustachio
  6018 | D:6      | Noticed Blork the orc
  6023 | D:6      | Killed Blork the orc
  6291 | D:6      | Got a coiled marble ring
  6305 | D:6      | Identified the cursed ring "Ratieb" {Str+4 Int-2} (You found it on level 6 of the Dungeon)
  6598 | D:7      | Reached XP level 9. HP: 45/45 MP: 15/28
  6776 | D:7      | Reached skill level 11 in Conjurations
  6782 | D:7      | Offered knowledge of Throw Frost by Vehumet.
  6954 | D:7      | Found a deep blue altar of Sif Muna.
  7363 | D:8      | Found a sacrificial altar of Ru.
  7645 | D:8      | Found a staircase to the Lair.
  7684 | D:8      | Reached skill level 10 in Spellcasting
  7713 | D:8      | Offered knowledge of Mephitic Cloud by Vehumet.
  7787 | D:8      | Found a white marble altar of Elyvilon.
  7790 | D:8      | Reached skill level 12 in Conjurations
  7808 | D:8      | Found Umiatat's General Store.
  7817 | D:8      | Bought a +2 helmet of see invisible for 258 gold pieces
  7817 | D:8      | Bought a potion of heal wounds for 60 gold pieces
  7923 | D:8      | Acquired Vehumet's second power
  8061 | D:8      | Learned a level 3 spell: Mephitic Cloud
  8151 | D:8      | Noticed a two-headed hydra
  8161 | D:8      | Killed a two-headed hydra
  8161 | D:8      | Reached XP level 10. HP: 22/50 MP: 22/32
  8339 | D:8      | Reached skill level 13 in Conjurations
  8354 | D:8      | Got a polished great sword
  8384 | D:8      | Found Plog's Antique Weapon Emporium.
  8461 | D:8      | Identified the cursed +3 great sword "Madof" {distort, rPois rF+ Str-4 Stlth+} (You found it on level 8 of the Dungeon)
  8463 | D:8      | Cast into the Abyss (a distortion unwield)
  8463 | Abyss:1  | Found a corrupted altar of Lugonu.
  8486 | D:8      | Escaped the Abyss
  8603 | Lair:1   | Entered Level 1 of the Lair of Beasts
  8608 | Lair:1   | Offered knowledge of Conjure Flame by Vehumet.
  8728 | Lair:1   | Noticed a six-headed hydra
  8737 | Lair:1   | Killed a six-headed hydra
  8740 | Lair:1   | Reached skill level 14 in Conjurations
  9034 | Lair:1   | Reached skill level 15 in Conjurations
  9037 | Lair:1   | Noticed a black mamba
  9042 | Lair:1   | Killed a black mamba
  9100 | Lair:1   | Reached XP level 11. HP: 47/54 MP: 25/33
  9132 | Lair:1   | Learned a level 5 spell: Fireball
  9276 | Lair:1   | Acquired Vehumet's third power
  9393 | Lair:1   | Offered knowledge of Irradiate by Vehumet.
  9623 | Lair:1   | Found a shattered altar of Ashenzari.
  9627 | Lair:1   | Noticed an oklob plant
  9631 | Lair:1   | Killed an oklob plant
 10192 | Lair:2   | Found a dark tunnel.
 10207 | Lair:2   | Learned a level 5 spell: Irradiate
 10209 | Volcano  | Entered a volcano
 10452 | Volcano  | Found a radiant altar of Vehumet.
 10452 | Volcano  | Noticed a centaur warrior
 10663 | Volcano  | Killed a centaur warrior
 11260 | Lair:2   | Reached skill level 15 in Spellcasting
 12091 | Lair:3   | Noticed a six-headed hydra
 12095 | Lair:3   | Killed a six-headed hydra
 12095 | Lair:3   | Reached skill level 5 in Dodging
 12250 | Lair:3   | Noticed Maud
 12268 | Lair:3   | Killed Maud
 12268 | Lair:3   | Reached XP level 12. HP: 59/59 MP: 11/36
 13227 | Lair:4   | Found a staircase to the Snake Pit.
 13332 | Lair:4   | Reached skill level 1 in Fighting
 13463 | Lair:4   | Got a bloodstained cloak
 13474 | Lair:4   | Identified the cursed +0 cloak of Chebullu {-Cast rF+ Str+2 SInv Stlth+} (You found it on level 4 of the Lair of Beasts)
 13820 | Lair:4   | Noticed a five-headed hydra
 13824 | Lair:4   | Killed a five-headed hydra
 13874 | Lair:4   | Offered knowledge of Spellforged Servitor by Vehumet.
 13883 | Lair:4   | Learned a level 7 spell: Spellforged Servitor
 14098 | Lair:4   | Reached skill level 1 in Summonings
 14940 | Lair:5   | Found a staircase to the Shoals.
 15099 | Lair:5   | Reached skill level 5 in Summonings
 15411 | Lair:6   | Noticed a four-headed hydra
 16087 | Lair:6   | Killed a four-headed hydra
 16096 | Lair:6   | Reached XP level 13. HP: 69/69 MP: 20/37
 16257 | Lair:6   | Offered knowledge of Lee's Rapid Deconstruction by Vehumet.
 16636 | Lair:7   | Reached skill level 10 in Summonings
 17192 | D:9      | Noticed Grum
 17198 | D:9      | Killed Grum
 17222 | D:9      | Reached skill level 16 in Spellcasting
 17315 | D:9      | Found Planiapa's Armour Shop.
 17318 | D:9      | Bought the +3 robe of the Eight Deaths {Int+4 Slay+3} for 568 gold pieces
 18295 | D:10     | Entered Level 10 of the Dungeon
 18881 | D:10     | Reached skill level 17 in Spellcasting
 19023 | D:10     | Found a white marble altar of Elyvilon.
 19546 | D:11     | Noticed Harold
 19560 | D:11     | Killed Harold
 20193 | D:12     | Found a staircase to the Orcish Mines.
 20201 | D:12     | Noticed Glitz's ghost (powerful TeFE)
 20205 | D:12     | Killed Glitz's ghost
 20226 | D:12     | Found a roughly hewn altar of Beogh.
 20295 | Orc:1    | Entered Level 1 of the Orcish Mines
 20295 | Orc:1    | Found a frozen archway.
 20302 | Orc:1    | Reached skill level 10 in Dodging
 20306 | Orc:1    | Offered knowledge of Venom Bolt by Vehumet.
 20367 | D:12     | Noticed Erebus' ghost (powerful TrBe)
 20371 | D:12     | Killed Erebus' ghost
 20502 | IceCv    | Entered an ice cave
 20502 | IceCv    | Noticed digdugdiggy's ghost (powerful FoFi)
 20518 | IceCv    | Killed digdugdiggy's ghost
 20922 | IceCv    | Got a slimy leather armour
 20933 | IceCv    | Identified the +1 leather armour "Cyzirudd" {rPois rCorr Str+3 Dex-3} (You found it in an ice cave)
 20973 | Orc:1    | Learned a level 5 spell: Venom Bolt
 21106 | Orc:1    | Reached skill level 1 in Poison Magic
 21460 | Orc:2    | Found an iron altar of Okawaru.
 21508 | Orc:2    | Found an iron altar of Okawaru.
 21625 | Orc:2    | Noticed Erolcha
 21634 | Orc:2    | Killed Erolcha
 21683 | Orc:2    | Noticed tition's ghost (experienced MiFi)
 21688 | Orc:2    | Killed tition's ghost
 21688 | Orc:2    | Reached XP level 14. HP: 55/74 MP: 22/39
 22211 | Orc:4    | Entered Level 4 of the Orcish Mines
 22616 | Orc:4    | Noticed Sonja
 22618 | Orc:4    | Killed Sonja
 22618 | Orc:4    | Offered knowledge of Bolt of Magma by Vehumet.
 22622 | Orc:4    | Noticed an orc warlord
 22811 | Orc:4    | Reached skill level 5 in Poison Magic
 22819 | Orc:4    | Learned a level 5 spell: Bolt of Magma
 22919 | Orc:4    | Killed an orc warlord
 23421 | Orc:4    | Offered knowledge of Iron Shot by Vehumet.
 23429 | Orc:4    | Learned a level 6 spell: Iron Shot
 23655 | Orc:4    | Found Chorang's General Store.
 23656 | Orc:4    | Found Rozxe's Book Shop.
 23657 | Orc:4    | Found Ubrav's Antique Armour Shop.
 23657 | Orc:4    | Found Yrufiuq's Antique Weapon Boutique.
 23671 | Orc:4    | Bought a potion of brilliance for 52 gold pieces
 23745 | Orc:4    | Reached skill level 1 in Earth Magic
 23862 | Orc:4    | Found a staircase to the Elven Halls.
 25086 | Lair:7   | Reached skill level 5 in Earth Magic
 25662 | Lair:7   | Found a staircase to the Slime Pits.
 26232 | Lair:8   | Entered Level 8 of the Lair of Beasts
 26753 | Lair:8   | Offered knowledge of Freezing Cloud by Vehumet.
 26955 | Lair:8   | Reached XP level 15. HP: 78/78 MP: 11/40
 28044 | Lair:8   | Found a runed door.
 28047 | Lair:8   | Offered knowledge of Delayed Fireball by Vehumet.
 28058 | Lair:8   | Learned a level 7 spell: Delayed Fireball
 28113 | Lair:8   | Reached skill level 1 in Fire Magic
 29181 | Elf:1    | Entered Level 1 of the Elven Halls
 29439 | Elf:1    | Reached skill level 5 in Fire Magic
 29654 | Elf:1    | Found Famaecsi's Assorted Antiques.
 29659 | Elf:1    | Bought a paperback book for 450 gold pieces
 29659 | Elf:1    | Bought a potion of curing for 90 gold pieces
 29659 | Elf:1    | Bought a scroll of identify for 60 gold pieces
 29696 | Elf:1    | Found a huge runed gate.
 29696 | Elf:1    | Found a huge runed gate.
 29697 | Elf:1    | Found a huge runed gate.
 29700 | Elf:1    | Found a huge runed gate.
 29700 | Elf:1    | Found a huge runed gate.
 29700 | Elf:1    | Found a huge runed gate.
 29700 | Elf:1    | Found a huge runed gate.
 29701 | Elf:1    | Found a huge runed gate.
 29701 | Elf:1    | Found a huge runed gate.
 29701 | Elf:1    | Found a huge runed gate.
 29701 | Elf:1    | Found a huge runed gate.
 29703 | Elf:1    | Found a huge runed gate.
 29703 | Elf:1    | Found a huge runed gate.
 29703 | Elf:1    | Found a huge runed gate.
 29703 | Elf:1    | Found a huge runed gate.
 29703 | Elf:1    | Found a huge runed gate.
 29704 | Elf:1    | Found a huge runed gate.
 30898 | Elf:1    | Found a huge runed gate.
 30900 | Elf:1    | Found a huge runed gate.
 30900 | Elf:1    | Found a huge runed gate.
 30900 | Elf:1    | Found a huge runed gate.
 30900 | Elf:1    | Found a huge runed gate.
 31038 | Elf:1    | Noticed a deep elf master archer
 31063 | Elf:1    | Reached skill level 10 in Fire Magic
 31473 | Elf:1    | Reached skill level 5 in Fighting
 31721 | Elf:1    | Offered knowledge of Lehudib's Crystal Spear by Vehumet.
 31721 | Elf:1    | Offered knowledge of Glaciate by Vehumet.
 31721 | Elf:1    | Offered knowledge of Chain Lightning by Vehumet.
 31939 | Elf:1    | Killed a deep elf master archer
 31939 | Elf:1    | Reached XP level 16. HP: 47/88 MP: 34/41
 33517 | Elf:2    | Found a runed gate.
 33518 | Elf:2    | Found a runed gate.
 33519 | Elf:2    | Found a runed gate.
 33661 | Elf:2    | Reached skill level 15 in Dodging
 33879 | Elf:2    | Identified a -3 rod of ignition (13/13) (You found it on level 2 of the Elven Halls)
 34224 | Elf:2    | HP: 4/92 [long sword of flaming (1)]
 34226 | Elf:2    | HP: 1/92 [long sword of flaming (6)]
 34226 | Elf:2    | Slain by a long sword of flaming

Action                   |  1- 3 |  4- 6 |  7- 9 | 10-12 | 13-15 | 16-18 || total
-------------------------+-------+-------+-------+-------+-------+-------++-------
Melee: Unarmed           |     2 |       |     4 |       |       |       ||     6
       Glaive            |       |       |       |     6 |   102 |     4 ||   112
Throw: Stone             |     1 |     3 |       |       |       |       ||     4
       Tomahawk          |       |       |       |       |     3 |       ||     3
 Cast: Magic Dart        |    56 |   101 |   134 |   307 |   564 |       ||  1162
       Searing Ray       |     4 |    25 |    54 |    14 |    13 |       ||   110
       Iskenderun's Batt |       |       |    25 |    84 |   154 |       ||   263
       Mephitic Cloud    |       |       |       |    22 |     9 |       ||    31
       Fireball          |       |       |       |    42 |   105 |    31 ||   178
       Irradiate         |       |       |       |     1 |     4 |       ||     5
       Spellforged Servi |       |       |       |     3 |    41 |       ||    44
       Venom Bolt        |       |       |       |       |   140 |    18 ||   158
       Iron Shot         |       |       |       |       |     7 |     4 ||    11
       Bolt of Magma     |       |       |       |       |     2 |     4 ||     6
       Delayed Fireball  |       |       |       |       |    22 |    24 ||    46
 Abil: Release Delayed F |       |       |       |       |    22 |    24 ||    46
Evoke: Crystal ball of e |       |       |       |       |     1 |       ||     1
  Use: Scroll            |       |       |     7 |    11 |    20 |     3 ||    41
       Potion            |       |       |     2 |       |     2 |     2 ||     6
  Eat: Chunk             |       |     8 |    18 |    19 |    48 |     8 ||   101
       Meat ration       |       |       |       |     1 |       |       ||     1
       Royal jelly       |       |       |       |     1 |       |       ||     1
       Beef jerky        |       |       |       |       |     2 |       ||     2
       Pizza             |       |       |       |       |     2 |       ||     2
